 Dungeon Crawl Stone Soup version 0.31.0-11-ge490571c62 (console) character file.

Game seed: 6598215166395593560

25848 AlterAsc the Marksgargoyle (level 13, -4/64 HPs)
             Began as a Gargoyle Hunter on Feb 7, 2024.
             Was a High Priest of Hepliaklqana.
             Slain by an orc warlord
             ... wielding a +0 war axe
              (16 damage)
             ... on level 1 of the Orcish Mines on Feb 8, 2024.
             The game lasted 00:45:05 (12505 turns).

AlterAsc the Marksgargoyle (Gargoyle Hunter)       Turns: 12505, Time: 00:45:06

Health: -4/64      AC: 19    Str: 16    XL:     13   Next: 22%
Magic:  18/18      EV: 14    Int: 10    God:    Hepliaklqana [*****.]
Gold:   1166       SH:  0    Dex: 17    Spells: 12/12 levels left

rFire   . . .        Q - +3 arbalest
rCold   + . .        (shield currently unavailable)
rNeg    + . .        z - +3 leather armour {rC+}
rPois   ∞            (no helmet)
rElec   +            l - +0 cloak
rCorr   .            B - +1 Delatra's gloves {ID++}
SInv    .            u - +0 pair of boots
Will    .....        (no amulet)
Stlth   ++           (no ring)
HPRegen 0.30/turn    (no ring)
MPRegen 0.16/turn

%: no passive effects
@: no status effects
A: reduced essence, sickness immunity, AC +9, negative energy resistance 1,
electricity resistance, torment resistance 1, petrification resistance
a: Renounce Religion, Recall Ancestor, Ancestor Identity, Transference, Idealise


You were on level 1 of the Orcish Mines.
You worshipped Hepliaklqana.
Hepliaklqana was extremely pleased with you.
You visited 4 branches of the dungeon, and saw 16 of its levels.

You collected 1166 gold pieces.

Inventory:

Hand Weapons
 a - a +0 shortbow
 F - the +5 hand axe of Okawaru {speed, rCorr Str+2 Dex+2}
   (You found it on level 7 of the Dungeon)

   Str+2:     It affects your strength (+2).
   Dex+2:     It affects your dexterity (+2).
   rCorr:     It protects you from acid and corrosion.
 I - a +0 sling of freezing
 M - a +0 orcbow of freezing
 Q - a +3 arbalest (weapon)
Missiles
 o - 25 poisoned darts
 y - 2 throwing nets
 L - 6 datura-tipped darts
 O - 6 curare-tipped darts
Armour
 l - a +0 cloak (worn)
 u - a +0 pair of boots (worn)
 z - a +3 leather armour of cold resistance (worn)
 A - the orb of Complete Protection {mayhem, Harm rF- SInv Conj}
   (You found it on level 6 of the Dungeon)

   rF-:       It makes you vulnerable to fire.
   SInv:      It lets you see invisible.
   Harm:      It increases damage dealt and taken.
   Conj:      It increases the power of your Conjurations spells.
 B - the +1 Delatra's gloves (worn) {ID++}
   (You found it on level 6 of the Dungeon)

   ID++:      It heals its wearer when they drink unknown potions, and restores
   their MP when they read unknown scrolls.
 D - the +2 leather armour of the Haunted God {rF+}
   (You found it on level 7 of the Dungeon)

   rF+:       It protects you from fire.
 P - a +1 robe of willpower
Jewellery
 x - a ring of protection from fire
Wands
 f - a wand of flame (3)
 j - a wand of mindburst (17)
 r - a wand of iceblast (20)
 s - a wand of quicksilver (13)
 E - a wand of paralysis (9)
Scrolls
 b - a scroll of butterflies
 n - a scroll of enchant weapon
 p - a scroll of brand weapon
 q - a scroll of fear
 t - 4 scrolls of enchant armour
 H - 3 scrolls of immolation
 J - 2 scrolls of amnesia {unknown}
 K - 3 scrolls of vulnerability
 N - 3 scrolls of fog {unknown}
Potions
 c - a potion of attraction {unknown}
 d - 2 potions of brilliance
 g - a potion of lignification {unknown}
 h - 2 potions of might
 i - a potion of mutation {unknown}
 m - a potion of curing
 v - 2 potions of heal wounds {unknown}
 w - 2 potions of cancellation {unknown}
 C - 2 potions of resistance {unknown}
 G - 4 potions of degeneration {unknown}


   Skills:
 - Level 5.0 Fighting
 + Level 19.6 Ranged Weapons
 + Level 5.3 Dodging
 - Level 1.1 Stealth
 - Level 7.0 Invocations


You had 12 spell levels left.
You didn't know any spells.
Your spell library contained the following spells:

 Spells                   Type           Power      Damage    Failure   Level
 Magic Dart               Conj           0%         1d3       43%         1
 Blink                    Tloc           0%         N/A       56%         2
 Call Imp                 Summ           0%         N/A       56%         2
 Ensorcelled Hibernation  Hex/Ice        0%         N/A       56%         2
 Scorch                   Fire           0%         2d5       56%         2
 Passwall                 Erth           0%         N/A       80%         3
 Swiftness                Air            0%         N/A       80%         3
 Tukima's Dance           Hex            0%         N/A       80%         3
 Dimensional Bullseye     Hex/Tloc       0%         N/A       99%         4
 Flame Wave               Conj/Fire      0%         2d4       99%         4
 Iskenderun's Mystic Bla  Conj/Tloc      0%         2d3       99%         4
 Conjure Ball Lightning   Conj/Air       0%         3x3d6     100%        6
 Summon Cactus Giant      Summ           0%         N/A       100%        6
 Discord                  Hex            0%         N/A       100%        8
 Disjunction              Tloc           0%         N/A       100%        8


Dungeon Overview and Level Annotations

Branches:
Dungeon (12/15)            Temple (1/1) D:7            Lair (2/5) D:8
    Orc (1/2) D:12
  Swamp: Lair:2-3    Shoals: Lair:2-3     Snake: Lair:2-3    Spider: Lair:2-3

Altars:
Ashenzari
Cheibriados
Dithmenos
Elyvilon
Fedhas
Gozag
Hepliaklqana
Kikubaaqudgha
Makhleb
Nemelex Xobeh
Okawaru
Qazlal
Ru
Sif Muna
Trog
Uskayaw
Vehumet
Wu Jian
Xom
Yredelemnul
Zin
The Shining One

Shops:
D:4 [   Orc:1 !

Annotations:
D:4 3 runed translucent doors, Ijustatesigmund's ghost, amateur GrFi
Lair:2 Urug


Innate Abilities, Weirdness & Mutations

Your life essence is reduced to manifest your ancestor. (-10% HP)
You are immune to sickness and miasma.
Your stone body is resilient. (AC +9)
You are immune to poison.
You resist negative energy. (rN+)
You are resistant to electric shocks. (rElec)
You are resistant to unholy torment.
You are immune to petrification.


Message History

Press: ? - help, v - describe, . - travel
Here: an orc warlord, wielding a +0 war axe and wearing a +3 chain mail of fire resistance (heavily wounded)
The floor.
Unknown command.
You see here a warg corpse.
Really read the scroll of immolation?
As you read the scroll of immolation, it crumbles to dust.
The creatures around you are filled with an inner flame!
Busisiwe completely misses the orc warlord.
An orc priest comes into view.
It is wielding a +1 flail of protection.
Really read the scroll of immolation?
As you read the scroll of immolation, it crumbles to dust.
The creatures around you are filled with an inner flame!
An ogre comes into view. It is wielding a +0 giant club.
Busisiwe closely misses the orc warlord.
Fire: Q) +3 arbalest
Press: ? - help, Shift-Dir - straight line, f - orc warlord
Aim: an orc warlord, wielding a +0 war axe and wearing a +3 chain mail of fire resistance (heavily wounded, inner flame, ally target, 75% to hit)
You shoot a bolt.
The bolt hits the orc warlord but does no damage.
The orc warlord is heavily wounded.
Busisiwe hits the ogre with a +0 flail!
Flame seeps out of the ogre.
The orc warlord attacks as it pursues you!
The orc warlord closely misses you.
The ogre is engulfed in blazing flames.
Flame seeps out of the ogre.
There is an entrance to Kotyzoex's Distillery here.
The orc warlord attacks as it pursues you!
The orc warlord hits you with a +0 war axe!!
* * * LOW HITPOINT WARNING * * *
Okay, then.
As you read the scroll of fear, it crumbles to dust.
You assume a fearsome visage.
The orc warlord resists with almost no effort.
The ogre looks frightened! x2; The ogre misses Busisiwe.
An orc warrior comes into view. It is wielding a +0 halberd.
The orc warlord hits you but does no damage.
Okay, then.
You feel better.
The orc warlord hits you with a +0 war axe!
You die...

##.....#.#..#...#...###..<>)..##
...............###.##..........#
.....#..........####..........##
......##....#..## ##..........#
..>........##### ##.........##
.............## ####..........#
........^.....###.###....#...##
............#'##....#...######
......o.....#.###......##
.##........##...###....#
###...O....#..⌠o@.'....##
##.....#.)##.R∩⌠.##.....#
#......).)o†.O⌠..##....##
.........O###...#####.##
.....#......###.# #...#
....###.###..##+# ##.## #####
####......## ### ##..#...#
#####.## ###


You could see the friendly Busisiwe the knight (inner flame), an orc warlord
(inner flame, ally target), an orc warrior (strong) and 2 ogres.

Vanquished Creatures
  An ettin (Orc:1)
  4 two-headed ogres
  An orc high priest (Orc:1)
  Nergalle (D:12)
  An orc sorcerer (Orc:1)
  2 elephants (Lair:2)
  A meliai (D:11)
  A kobold blastminer (Orc:1)
  A gargoyle (D:12)
  2 cane toads
  Jeremiah (D:8)
  A komodo dragon (Lair:1)
  An unseen horror (D:12)
  A rime drake (D:8)
  A troll (D:9)
  8 blink frogs
  A vampire (D:10)
  A wyvern (D:9)
  A wraith (D:10)
  A warg (Orc:1)
  5 yaks
  A steam dragon (D:8)
  6 vampire mosquitoes
  4 water moccasins
  2 acid dragons (D:11)
  6 orc warriors
  A sky beast (D:7)
  2 ice beasts
  2 ogres (Orc:1)
  5 wolves
  A lemure (D:7)
  2 phantoms (D:4)
  3 centaurs
  2 gnoll sergeants
  6 bullfrogs
  4 scorpions
  6 wights
  3 killer bees
  9 howler monkeys
  A bombardier beetle (D:5)
  6 orc priests
  2 hounds
  A jelly (D:6)
  2 iguanas
  3 orc wizards
  2 gnolls (D:12)
  2 ufetubi
  3 dart slugs
  2 ribbon worms
  34 orcs
  5 bats
  7 endoplasms
  8 giant cockroaches
  8 goblins
  8 hobgoblins
  10 ball pythons
  3 frilled lizards
  6 kobolds
  3 rats
218 creatures vanquished.

Vanquished Creatures (collateral kills)
  Snorg (D:12)
  Harold (Lair:1)
  Pikel (D:7)
  A manticore (D:11)
  An orc sorcerer (Orc:1)
  2 elephants (Lair:2)
  A kobold blastminer (Orc:1)
  Joseph (D:7)
  A kobold demonologist (D:12)
  A komodo dragon (D:11)
  A troll (Orc:1)
  A shadow (D:8)
  2 wraiths (D:11)
  A vampire (D:10)
  A wyvern (D:8)
  A steam dragon (D:6)
  A vampire mosquito (D:11)
  8 yaks
  3 water moccasins
  3 ice beasts (D:8)
  2 orc warriors
  A sky beast (D:8)
  2 black bears
  An ogre (Orc:1)
  2 centaurs (D:8)
  2 wolves
  A lemure (D:7)
  A kobold brigand (D:8)
  A phantom (D:5)
  3 bullfrogs
  A scorpion (D:5)
  8 wights
  2 killer bees (D:10)
  A bombardier beetle (D:5)
  3 howler monkeys
  3 hounds
  4 orc priests
  2 jellies
  3 iguanas
  A sleepcap (D:6)
  7 orc wizards
  3 adders
  5 gnolls
  2 shadow imps
  A white imp (D:8)
  2 ufetubi
  11 orcs
  2 goblins (D:7)
  3 kobolds
113 creatures vanquished.

Vanquished Creatures (others)
  10 knights
10 creatures vanquished.

Grand Total: 341 creatures vanquished

Notes
Turn   | Place    | Note
-------+----------+-------------------------------------------
     0 | D:1      | AlterAsc the Gargoyle Hunter began the quest for the Orb.
     0 | D:1      | Reached XP level 1. HP: 12/12 MP: 1/1
    70 | D:1      | Reached XP level 2. HP: 17/17 MP: 2/2
   519 | D:1      | Reached XP level 3. HP: 21/21 MP: 3/3
   559 | D:1      | Reached skill level 5 in Ranged Weapons
   560 | D:1      | Found a faded altar of an unknown god.
   568 | D:1      | Prayed at the altar of an unknown god.
   568 | D:1      | Became a worshipper of Hepliaklqana the Forgotten
   568 | D:1      | Reached * piety under Hepliaklqana
   770 | D:2      | Found a broken altar of Ashenzari.
  1611 | D:3      | Reached ** piety under Hepliaklqana
  1612 | D:3      | Remembered your ancestor Busisiwe as a knight
  1651 | D:3      | You fall into a shaft and drop 1 floor!
  1712 | D:4      | Noticed a scorpion
  1728 | D:4      | Killed a scorpion
  1729 | D:4      | Reached skill level 6 in Ranged Weapons
  1729 | D:4      | Reached XP level 4. HP: 23/23 MP: 4/4
  1731 | D:4      | Noticed a scorpion
  1743 | D:4      | Noticed a scorpion
  1812 | D:3      | Reached XP level 5. HP: 27/27 MP: 5/5
  2236 | D:4      | Noticed a phantom
  2248 | D:4      | Killed a phantom
  2335 | D:4      | Reached skill level 7 in Ranged Weapons
  2335 | D:4      | Reached XP level 6. HP: 24/31 MP: 6/6
  2481 | D:4      | Reached skill level 8 in Ranged Weapons
  2513 | D:4      | Found a runed translucent gate.
  2513 | D:4      | Found a runed translucent gate.
  2513 | D:4      | Found a runed translucent gate.
  2515 | D:4      | Found Liq Nipt's Antique Armour Emporium.
  2515 | D:4      | Identified the +0 plate armour of the Garden {rC- Int-2
                  | SInv Stlth+}
  2515 | D:4      | Noticed an orc warrior
  2516 | D:4      | Identified the +0 chain mail of an ice cave {rN+ rCorr
                  | Str+2}
  2526 | D:4      | Noticed Ijustatesigmund's ghost (amateur GrFi)
  2593 | D:4      | Reached XP level 7. HP: 36/36 MP: 7/7
  2704 | D:5      | Entered Level 5 of the Dungeon
  2821 | D:5      | Reached skill level 9 in Ranged Weapons
  2918 | D:5      | Reached XP level 8. HP: 34/39 MP: 5/8
  2967 | D:5      | Reached skill level 10 in Ranged Weapons
  3105 | D:5      | Reached *** piety under Hepliaklqana
  3524 | D:6      | Reached skill level 11 in Ranged Weapons
  3663 | D:6      | Identified the orb of Complete Protection {mayhem, Harm rF-
                  | SInv Conj}
  3775 | D:6      | Reached skill level 12 in Ranged Weapons
  3775 | D:6      | Reached XP level 9. HP: 37/43 MP: 9/9
  3878 | D:6      | Found the +1 Delatra's gloves {ID++}
  3964 | D:7      | Noticed a two-headed ogre
  4032 | D:7      | Found a staircase to the Ecumenical Temple.
  4088 | D:7      | Identified the +2 leather armour of the Haunted God {rF+}
  4169 | Temple   | Entered the Ecumenical Temple
  4363 | D:7      | Reached skill level 13 in Ranged Weapons
  4457 | D:7      | Paralysed by a wight for 4 turns
  4471 | D:7      | Paralysed by a wight for 4 turns
  4550 | D:7      | Identified the +5 hand axe of Okawaru {speed, rCorr Str+2
                  | Dex+2}
  4662 | D:7      | Noticed Joseph
  4671 | D:7      | Killed Joseph
  4801 | D:7      | Noticed Pikel
  4818 | D:7      | Killed Pikel
  4819 | D:7      | Reached skill level 14 in Ranged Weapons
  4819 | D:7      | Reached XP level 10. HP: 47/47 MP: 10/10
  5329 | D:8      | Reached skill level 15 in Ranged Weapons
  5571 | D:8      | Found a staircase to the Lair.
  5637 | D:8      | Reached skill level 16 in Ranged Weapons
  5802 | D:8      | Found a sacrificial altar of Ru.
  5804 | D:8      | Found an iron altar of Okawaru.
  5847 | D:8      | Reached XP level 11. HP: 51/51 MP: 11/11
  5899 | D:8      | Noticed Jeremiah
  5920 | D:8      | Killed Jeremiah
  5976 | D:8      | Reached **** piety under Hepliaklqana
  6221 | Lair:1   | Entered Level 1 of the Lair of Beasts
  6247 | Lair:1   | HP: 1/51 [yak (8)]
  6651 | Lair:1   | Reached skill level 17 in Ranged Weapons
  7118 | Lair:1   | Reached skill level 5 in Fighting
  7127 | Lair:1   | Noticed Harold
  7143 | Lair:1   | Killed Harold
  7561 | Lair:2   | Reached ***** piety under Hepliaklqana
  7561 | Lair:2   | Noticed Urug
  7785 | Lair:2   | Reached skill level 18 in Ranged Weapons
  8323 | D:9      | Reached skill level 1 in Invocations
  8323 | D:9      | Reached XP level 12. HP: 58/61 MP: 12/12
  8440 | D:9      | Noticed a two-headed ogre
  8446 | D:9      | Killed a two-headed ogre
  8518 | D:9      | Noticed a two-headed ogre
  8524 | D:9      | Killed a two-headed ogre
  8536 | D:9      | Found a shadowy altar of Dithmenos.
  8545 | D:9      | Found an ornate altar of the Wu Jian Council.
  8698 | D:10     | Entered Level 10 of the Dungeon
  9385 | D:10     | Noticed a two-headed ogre
  9410 | D:10     | Killed a two-headed ogre
  9580 | D:10     | Reached skill level 5 in Invocations
 10412 | D:11     | Noticed a boulder beetle
 10568 | D:11     | Reached skill level 19 in Ranged Weapons
 10596 | D:12     | Noticed Nergalle
 10607 | D:12     | Killed Nergalle
 10728 | D:12     | Noticed a two-headed ogre
 10738 | D:12     | Killed a two-headed ogre
 10789 | D:12     | Found an iron altar of Okawaru.
 10989 | D:12     | Noticed Snorg
 11002 | D:12     | Killed Snorg
 11122 | D:12     | Found a staircase to the Orcish Mines.
 11634 | Orc:1    | Entered Level 1 of the Orcish Mines
 11634 | Orc:1    | Noticed an ettin
 11654 | Orc:1    | Killed an ettin
 11655 | Orc:1    | Reached XP level 13. HP: 6/64 MP: 16/18
 11898 | Orc:1    | Found Kotyzoex's Distillery.
 12352 | Orc:1    | Reached skill level 5 in Dodging
 12421 | Orc:1    | Noticed an orc warlord
 12505 | Orc:1    | Slain by an orc warlord

Illustrated notes

Levels and vault maps discovered:
D:1:      dpeg_arrival_long_road, layout_basic,
          hellmonk_ecumenical_altar_prayer_group
D:2:      layout_basic, basic_altar
D:3:      layout_rooms, hangedman_decor_push, kennysheep_generic_room_10
D:4:      layout_rooms, biasface_ghost_orc_armoury, serial_shops, shop
D:5:      layout_cave_pools, st_stairs_3
D:6:      layout_basic, pf_guarded_unrand_delatra
D:7:      cheibrodos_quashed, layout_loops_cross, minmay_temple_entry_crystal_x,
          enter_bailey_3, nicolae_kite_square_tiling_tiny, hex_tiny, uniq_pikel,
          uniq_joseph
D:8:      layout_basic, chequers_temple_overflow_statue_of_worship,
          hellmonk_lair_entry_icy, minmay_alternating_orb, uniq_jeremiah
D:9:      layout_rooms, amethyst_overflow_temple_binary,
          nicolae_houndstooth_variations
D:10:     layout_grid_maze
D:11:     layout_roguey, special_room [special_room_bee],
          minmay_mirror_moons_of_madness
D:12:     layout_stronghold, orc_0_dummy, okawaru_trees_2, uniq_snorg,
          uniq_nergalle
Temple:   hc_temple_tempest_star
Lair:1:   layout_chaotic_city, chequers_serial_rivers_room_b, uniq_harold
Lair:2:   layout_cave_pods, elwin_shoals_entry_rooms,
          eino_small_chamber_without_monster, minmay_lindwurm_lava,
          serial_bayou_shore_a, uniq_urug
Orc:1:    layout_caves, serial_shops, nicolae_shop_rolling_square,
          minmay_orc_treasury

Skill      XL: |  1  2  3  4  5  6  7  8  9 10 11 12 13 |
---------------+----------------------------------------+-----
Ranged Weapons | 6 7 8 9 12 14 16 18 19 | 19.6
Fighting       | 5 |  5.0
Invocations    | 1 7 |  7.0
Dodging        | 4 5 |  5.3
Stealth        | |  1.1

Action                     |  1- 3 |  4- 6 |  7- 9 | 10-12 | 13-15 || total
---------------------------+-------+-------+-------+-------+-------++-------
   Fire: Shortbow          |   116 |    72 |   328 |       |       ||   516
         Sling             |       |       |    34 |   183 |       ||   217
         Orcbow            |       |       |       |   579 |    41 ||   620
         Arbalest          |       |       |       |       |    51 ||    51
  Throw: Dart              |       |       |    10 |       |       ||    10
 Invoke: Recall Ancestor   |     1 |       |     3 |     7 |       ||    11
         Ancestor Life: Kn |     1 |       |       |       |       ||     1
         Ancestor Identity |     1 |       |       |       |       ||     1
         Transference      |       |       |       |     2 |       ||     2
         Idealise          |       |       |       |     2 |     1 ||     3
    Use: Scroll            |       |       |     2 |    17 |     4 ||    23
         Potion            |       |       |     2 |     5 |     2 ||     9
 Armour: Leather armour    |     7 |    15 |    95 |   184 |    23 ||   324
  Dodge: Dodged            |    14 |    10 |    70 |   127 |    20 ||   241
